TOP OF THE 1ST |
Minnesota Golden Gophers batting - Pitching for Kentucky Wildcats : RHP Adam Parker
|
Pitching: RHP Adam Parker
|
|
Batting: LHB Tony Ayala
|
0-0: Called Strike 0-1: Swinging Strike 0-2: Strikes out swinging
|
Batting: SHB Sean Brown
|
0-0: Foul Ball, location: 2F 0-1: Ball 1-1: Swinging Strike 1-2: Ball 2-2: Strikes out swinging
|
Batting: RHB Tim Glendonwyn
|
0-0: Called Strike 0-1: Foul Ball, location: 2F 0-2: Ball 1-2: Foul Ball, location: 2F 1-2: Ball 2-2: Ball 3-2: Reached on error, E7 (Flyball, 7S)
|
Batting: RHB Christian Nash
|
0-0: Ball 1-0: Ground out 4-3 (Groundball, 4M)
|
Top of the 1st over - 0 run(s), 0 hit(s), 1 error(s), 1 left on base; Minnesota 0 - Kentucky 0 |
BOTTOM OF THE 1ST |
Kentucky Wildcats batting - Pitching for Minnesota Golden Gophers : RHP Mitch Dawson
|
Pitching: RHP Mitch Dawson
|
|
Batting: RHB Lewis Childress
|
0-0: Ball 1-0: Ball 2-0: Ball 3-0: Base on Balls
|
Batting: SHB Steve Shaw
|
0-0: Ball Lewis Childress steals 2nd base 1-0: Called Strike 1-1: Foul Ball, location: 2F 1-2: Ball 2-2: SINGLE (Groundball, 34D) Lewis Childress to third Runner from 3rd tries for Home, SAFE, no throw
|
Batting: LHB César Rodríguez
|
0-0: Ball 1-0: Called Strike 1-1: Swinging Strike 1-2: Foul Ball, location: 2F 1-2: Strikes out swinging
|
Batting: LHB Mark Sanders
|
0-0: Ball 1-0: Swinging Strike 1-1: Ball 2-1: Swinging Strike 2-2: Ball 3-2: Base on Balls Steve Shaw to second
|
Batting: RHB Joseph Leach
|
0-0: Ball 1-0: Foul Ball, location: 2F 1-1: Fly out, F8 (Flyball, 8RM)
|
Batting: LHB Matt Taylor
|
0-0: Hit by Pitch Steve Shaw to third Mark Sanders to second
|
Batting: RHB Pat Johnston
|
0-0: Ball 1-0: Ball 2-0: Ball 3-0: Base on Balls Steve Shaw scores Mark Sanders to third Matt Taylor to second
|
Batting: SHB Eduardo Luna
|
0-0: Called Strike 0-1: Ball 1-1: Called Strike 1-2: SINGLE (Line Drive, 9LS) Mark Sanders scores Matt Taylor to third Pat Johnston to second
|
Batting: SHB Russ Beasley
|
0-0: Swinging Strike 0-1: Ball 1-1: Ball 2-1: Ball 3-1: Foul Ball, location: 2F 3-2: Strikes out swinging
|
Bottom of the 1st over - 3 run(s), 2 hit(s), 0 error(s), 3 left on base; Minnesota 0 - Kentucky 3 |
TOP OF THE 2ND |
Minnesota Golden Gophers batting - Pitching for Kentucky Wildcats : RHP Adam Parker
|
Batting: RHB James Morris
|
0-0: Ball 1-0: Ball 2-0: Called Strike 2-1: Fly out, F3 (Popup, 3S)
|
Batting: RHB Miguel Rodríguez
|
0-0: Swinging Strike 0-1: Foul Ball, location: 2F 0-2: Ball 1-2: Ball 2-2: Strikes out swinging
|
Batting: LHB Scott Rivera
|
0-0: Fly out, F7 (Flyball, 7S)
|
Top of the 2nd over - 0 run(s), 0 hit(s), 0 error(s), 0 left on base; Minnesota 0 - Kentucky 3 |
BOTTOM OF THE 2ND |
Kentucky Wildcats batting - Pitching for Minnesota Golden Gophers : RHP Mitch Dawson
|
Batting: RHB Lewis Childress
|
0-0: Ball 1-0: Foul Ball, location: 2F 1-1: Swinging Strike 1-2: Foul Ball, location: 2F 1-2: Foul Ball, location: 2F 1-2: Fly out, F9 (Flyball, 9S)
|
Batting: SHB Steve Shaw
|
0-0: Ball 1-0: Swinging Strike 1-1: Called Strike 1-2: Strikes out swinging
|
Batting: LHB César Rodríguez
|
0-0: Ball 1-0: Ball 2-0: Ball 3-0: Base on Balls
|
Batting: LHB Mark Sanders
|
0-0: Ball 1-0: Foul Ball, location: 2F 1-1: Ball 2-1: Fly out, F8 (Flyball, 8LM)
|
Bottom of the 2nd over - 0 run(s), 0 hit(s), 0 error(s), 1 left on base; Minnesota 0 - Kentucky 3 |
TOP OF THE 3RD |
Minnesota Golden Gophers batting - Pitching for Kentucky Wildcats : RHP Adam Parker
|
Batting: RHB Mike Martínez
|
0-0: Foul Ball, location: 2F 0-1: Foul Ball, location: 2F 0-2: Ball 1-2: SINGLE (Line Drive, 34D)
|
Batting: RHB William Elliott
|
0-0: Fly out, F4 (Popup, 4)
|
Batting: LHB Tony Ayala
|
0-0: Ball 1-0: SINGLE (Flyball, 78M) Mike Martínez to second
|
Batting: SHB Sean Brown
|
0-0: Called Strike 0-1: Called Strike 0-2: Ball 1-2: Strikes out swinging
|
Batting: RHB Tim Glendonwyn
|
0-0: Ball 1-0: Ball 2-0: Swinging Strike 2-1: Foul Ball, location: 2F 2-2: Strikes out looking
|
Top of the 3rd over - 0 run(s), 2 hit(s), 0 error(s), 2 left on base; Minnesota 0 - Kentucky 3 |
BOTTOM OF THE 3RD |
Kentucky Wildcats batting - Pitching for Minnesota Golden Gophers : RHP Mitch Dawson
|
Batting: RHB Joseph Leach
|
0-0: Ball 1-0: Ball 2-0: Ball 3-0: Base on Balls
|
Batting: LHB Matt Taylor
|
0-0: Ball 1-0: Swinging Strike 1-1: Called Strike 1-2: Fielders Choice at 2nd, 4-6 (Groundball, 4)
|
Batting: RHB Pat Johnston
|
0-0: Called Strike 0-1: Foul Ball, location: 2F 0-2: Grounds into double play, 6-4-3 (Groundball, 6)
|
Bottom of the 3rd over - 0 run(s), 0 hit(s), 0 error(s), 0 left on base; Minnesota 0 - Kentucky 3 |
TOP OF THE 4TH |
Minnesota Golden Gophers batting - Pitching for Kentucky Wildcats : RHP Adam Parker
|
Batting: RHB Christian Nash
|
0-0: Foul Ball, location: 2F 0-1: Ball 1-1: Ball 2-1: Ground out 4-3 (Groundball, 4)
|
Batting: RHB James Morris
|
0-0: Swinging Strike 0-1: Ball 1-1: Ball 2-1: Called Strike 2-2: Strikes out looking
|
Batting: RHB Miguel Rodríguez
|
0-0: Foul Ball, location: 2F 0-1: Swinging Strike 0-2: Strikes out swinging
|
Top of the 4th over - 0 run(s), 0 hit(s), 0 error(s), 0 left on base; Minnesota 0 - Kentucky 3 |
BOTTOM OF THE 4TH |
Kentucky Wildcats batting - Pitching for Minnesota Golden Gophers : RHP Mitch Dawson
|
Batting: SHB Eduardo Luna
|
0-0: Foul Ball, location: 2F 0-1: Ball 1-1: Ball 2-1: Foul Ball, location: 2F 2-2: Fly out, F7 (Flyball, 7)
|
Batting: SHB Russ Beasley
|
0-0: Called Strike 0-1: Swinging Strike 0-2: Strikes out looking
|
Batting: RHB Lewis Childress
|
0-0: Called Strike 0-1: Ball 1-1: Ball 2-1: Swinging Strike 2-2: Ground out 5-3 (Groundball, 56)
|
Bottom of the 4th over - 0 run(s), 0 hit(s), 0 error(s), 0 left on base; Minnesota 0 - Kentucky 3 |
TOP OF THE 5TH |
Minnesota Golden Gophers batting - Pitching for Kentucky Wildcats : RHP Adam Parker
|
Batting: LHB Scott Rivera
|
0-0: Reached on error, E4 (Groundball, 4)
|
Batting: RHB Mike Martínez
|
0-0: Ball 1-0: Fly out, F9 (Flyball, 9S)
|
Batting: RHB William Elliott
|
0-0: Ball 1-0: Ball Wild Pitch! Scott Rivera to second 2-0: Ball 3-0: Called Strike 3-1: SINGLE (Groundball, 56) (infield hit) Scott Rivera to third
|
Batting: LHB Tony Ayala
|
0-0: Called Strike William Elliott is caught stealing 2nd base 0-1: Ball 1-1: Foul Ball, location: 2F 1-2: Ball 2-2: Ball 3-2: Fly out, F8 (Flyball, 8LXD)
|
Top of the 5th over - 0 run(s), 1 hit(s), 1 error(s), 1 left on base; Minnesota 0 - Kentucky 3 |
BOTTOM OF THE 5TH |
Kentucky Wildcats batting - Pitching for Minnesota Golden Gophers : RHP Mitch Dawson
|
Pitching: RHP Máximo Rivera
|
|
Batting: SHB Steve Shaw
|
0-0: Ball 1-0: Called Strike 1-1: SINGLE (Flyball, 78S)
|
Batting: LHB César Rodríguez
|
0-0: Ball 1-0: 2-RUN HOME RUN (Flyball, 9D), Distance : 368 ft
|
Batting: LHB Mark Sanders
|
0-0: Ball 1-0: Called Strike 1-1: Called Strike 1-2: Ball 2-2: Ball 3-2: Fly out, F7 (Flyball, 7)
|
Batting: RHB Joseph Leach
|
0-0: Called Strike 0-1: Swinging Strike 0-2: Hit by Pitch
|
Batting: LHB Matt Taylor
|
0-0: Ball 1-0: Foul Ball, location: 2F 1-1: Ball 2-1: Ball 3-1: Ground out U3 (Groundball, 34) Joseph Leach to second
|
Batting: RHB Pat Johnston
|
0-0: Ball 1-0: Ball 2-0: Foul Ball, location: 2F 2-1: Foul Ball, location: 2F 2-2: Fly out, F8 (Flyball, 8LM)
|
Bottom of the 5th over - 2 run(s), 2 hit(s), 0 error(s), 1 left on base; Minnesota 0 - Kentucky 5 |
TOP OF THE 6TH |
Minnesota Golden Gophers batting - Pitching for Kentucky Wildcats : RHP Adam Parker
|
Batting: SHB Sean Brown
|
0-0: Ball 1-0: Swinging Strike 1-1: Called Strike 1-2: Strikes out swinging
|
Batting: RHB Tim Glendonwyn
|
0-0: Fly out, F4 (Line Drive, 4)
|
Batting: RHB Christian Nash
|
0-0: Swinging Strike 0-1: SINGLE (Groundball, 6MD)
|
Batting: RHB James Morris
|
0-0: Called Strike 0-1: Ball 1-1: Called Strike 1-2: Foul Ball, location: 2F 1-2: Strikes out looking
|
Top of the 6th over - 0 run(s), 1 hit(s), 0 error(s), 1 left on base; Minnesota 0 - Kentucky 5 |
BOTTOM OF THE 6TH |
Kentucky Wildcats batting - Pitching for Minnesota Golden Gophers : RHP Máximo Rivera
|
Pitching: RHP Hoyt MacGregor
|
|
Batting: SHB Eduardo Luna
|
0-0: Called Strike 0-1: Swinging Strike 0-2: Ball 1-2: Strikes out swinging
|
Batting: SHB Russ Beasley
|
0-0: Called Strike 0-1: Ball 1-1: Ball 2-1: Ball 3-1: Called Strike 3-2: SINGLE (Groundball, 56S) (infield hit)
|
Batting: RHB Lewis Childress
|
0-0: Ball 1-0: Ball 2-0: Foul Ball, location: 2F 2-1: Ball 3-1: Base on Balls Russ Beasley to second
|
Batting: SHB Steve Shaw
|
0-0: Foul Ball, location: 2F 0-1: Called Strike 0-2: Ball 1-2: Strikes out swinging
|
Batting: LHB César Rodríguez
|
0-0: Ball 1-0: Fly out, F8 (Flyball, 8LD)
|
Bottom of the 6th over - 0 run(s), 1 hit(s), 0 error(s), 2 left on base; Minnesota 0 - Kentucky 5 |
TOP OF THE 7TH |
Minnesota Golden Gophers batting - Pitching for Kentucky Wildcats : RHP Adam Parker
|
Pitching: LHP John Smith
|
|
Batting: RHB Miguel Rodríguez
|
0-0: Ground out 5-3 (Groundball, 56)
|
Batting: LHB Scott Rivera
|
0-0: Called Strike 0-1: Ball 1-1: Ground out 4-3 (Groundball, 4D)
|
Batting: RHB Mike Martínez
|
0-0: Ball 1-0: Ball 2-0: Ball 3-0: Base on Balls
|
Batting: RHB William Elliott
|
0-0: Ball 1-0: Ball 2-0: Ball 3-0: Base on Balls Mike Martínez to second
|
Batting: LHB Tony Ayala
|
0-0: Ball 1-0: Ground out 4-3 (Groundball, 4M)
|
Top of the 7th over - 0 run(s), 0 hit(s), 0 error(s), 2 left on base; Minnesota 0 - Kentucky 5 |
BOTTOM OF THE 7TH |
Kentucky Wildcats batting - Pitching for Minnesota Golden Gophers : RHP Hoyt MacGregor
|
Batting: LHB Mark Sanders
|
0-0: SINGLE (Line Drive, 56D)
|
Batting: RHB Joseph Leach
|
0-0: Fielders Choice at 2nd, 6-4 (Groundball, 6)
|
Batting: LHB Matt Taylor
|
0-0: Called Strike 0-1: Ball 1-1: Ball 2-1: Ball 3-1: Base on Balls Joseph Leach to second
|
Batting: RHB Pat Johnston
|
0-0: Foul Ball, location: 2F 0-1: Ball 1-1: SINGLE (Groundball, 6M) (infield hit) Joseph Leach to third Matt Taylor to second
|
Batting: SHB Eduardo Luna
|
0-0: Called Strike 0-1: DOUBLE (Line Drive, 78M) Joseph Leach scores Matt Taylor scores Pat Johnston to third Runner from 3rd tries for Home, SAFE, no throw
|
Pitching: RHP Bruce Rouhan
|
|
Batting: SHB Russ Beasley
|
0-0: Called Strike 0-1: Foul Ball, location: 2F 0-2: Strikes out swinging
|
Batting: RHB Lewis Childress
|
0-0: Called Strike 0-1: Swinging Strike 0-2: Ball 1-2: Ball 2-2: Fly out, F4 (Popup, 34D)
|
Bottom of the 7th over - 3 run(s), 3 hit(s), 0 error(s), 1 left on base; Minnesota 0 - Kentucky 8 |
TOP OF THE 8TH |
Minnesota Golden Gophers batting - Pitching for Kentucky Wildcats : LHP John Smith
|
Batting: SHB Sean Brown
|
0-0: Called Strike 0-1: Ball 1-1: Reached on error, E3 (Groundball, 34)
|
Batting: RHB Tim Glendonwyn
|
0-0: Called Strike 0-1: Foul Ball, location: 2F 0-2: Foul Ball, location: 2F 0-2: Ball 1-2: Ball 2-2: Strikes out swinging
|
Batting: RHB Christian Nash
|
0-0: Called Strike 0-1: Swinging Strike 0-2: Ball 1-2: Ball 2-2: Strikes out swinging
|
Batting: RHB James Morris
|
0-0: Called Strike 0-1: Ball 1-1: Foul Ball, location: 2F 1-2: Strikes out swinging
|
Top of the 8th over - 0 run(s), 0 hit(s), 1 error(s), 1 left on base; Minnesota 0 - Kentucky 8 |
BOTTOM OF THE 8TH |
Kentucky Wildcats batting - Pitching for Minnesota Golden Gophers : RHP Bruce Rouhan
|
Batting: SHB Steve Shaw
|
0-0: Ball 1-0: Called Strike 1-1: Foul Ball, location: 2F 1-2: Strikes out looking
|
Batting: LHB César Rodríguez
|
0-0: Ball 1-0: Swinging Strike 1-1: Called Strike 1-2: Fly out, F6 (Line Drive, 56)
|
Batting: LHB Mark Sanders
|
0-0: Foul Ball, location: 2F 0-1: Ground out 6-3 (Groundball, 6)
|
Bottom of the 8th over - 0 run(s), 0 hit(s), 0 error(s), 0 left on base; Minnesota 0 - Kentucky 8 |
TOP OF THE 9TH |
Minnesota Golden Gophers batting - Pitching for Kentucky Wildcats : LHP John Smith
|
Batting: RHB Miguel Rodríguez
|
0-0: Ball 1-0: SINGLE (Line Drive, 89S)
|
Batting: LHB Scott Rivera
|
0-0: Ball 1-0: Foul Ball, location: 2F 1-1: Ball 2-1: Ball 3-1: Base on Balls Miguel Rodríguez to second
|
Batting: RHB Mike Martínez
|
0-0: Ball 1-0: Foul Ball, location: 2F 1-1: Grounds into double play, 5-4-3 (Groundball, 5) Miguel Rodríguez to third
|
Batting: RHB William Elliott
|
0-0: Ball 1-0: Fly out, F9 (Flyball, 9S)
|
Top of the 9th over - 0 run(s), 1 hit(s), 0 error(s), 1 left on base; Minnesota 0 - Kentucky 8 |
|